[Event "Titled Tuesday Blitz January 10 Early 2023"]
[White "Andreev, Konstantin"]
[Black "Golubev, Mikhail"]
[WhiteFideId "24239305"]
[BlackFideId "14100983"]
[WhiteElo "2195"]
[BlackElo "2461"]
[Result "1-0"]
[Round "03"]
[TimeControl "180+2"]
[Date "2023.01.10"]
[WhiteClock "0:00:17"]
[BlackClock "0:00:01"]

1. e4 c5 2. Nf3 d6 3. d4 cxd4 4. Nxd4 Nf6 5. Nc3 Nc6 6. f3 e5 7. Nb3 Be7 8. Be3 O-O 9. Qd2 a5 10. Bb5 Be6 11. O-O-O Nb4 12. a3 Qc7 13. Kb1 d5 14. exd5 Nbxd5 15. Nxd5 Nxd5 16. a4 Rfc8 17. Rc1 Nb4 18. g4 Bc4 19. Bxc4 Qxc4 20. Qf2 Nxc2 21. Qxc2 Qe6 22. Qd3 Rd8 23. Qc4 Qg6+ 24. Ka2 b5 25. axb5 a4 26. Nc5 a3 27. bxa3 e4 28. Qxe4 Qb6 29. Qb4 Bf6 30. Rc2 Re8 31. Bd4 Bxd4 32. Qxd4 Qxb5 33. Rb1 Qc6 34. Ne4 Qxc2+ 35. Rb2 Rxa3+ 36. Kxa3 Ra8+ 37. Kb4 Rb8+ 38. Ka3 Ra8+ 39. Kb4 Qa4+ 40. Kc3 Rc8+ 41. Nc5 Qa3+ 42. Kc4 Qxf3 43. Rb7 1-0


[Site "https://www.chess.com"]

[Event "Titled Tuesday Blitz January 10 Early 2023"]
[White "Chos, Alexey"]
[Black "Manelyuk, Daniil"]
[WhiteFideId "14117762"]
[BlackFideId "44173920"]
[WhiteElo "2296"]
[BlackElo "2302"]
[Result "0-1"]
[Round "03"]
[TimeControl "180+2"]
[Date "2023.01.10"]
[WhiteClock "0:00:01"]
[BlackClock "0:00:04"]

1. Nf3 d5 2. g3 c6 3. Bg2 Nf6 4. O-O Bg4 5. c4 Bxf3 6. Bxf3 e6 7. d4 Bd6 8. Nc3 O-O 9. e4 dxe4 10. Nxe4 Nxe4 11. Bxe4 Nd7 12. Bg2 Nf6 13. Be3 Qa5 14. h3 Rfd8 15. Qb3 Rd7 16. a3 Rad8 17. Rad1 Be7 18. g4 Qa6 19. Rfe1 Ne8 20. Bf1 b6 21. d5 c5 22. dxe6 fxe6 23. Rxd7 Rxd7 24. Bf4 g5 25. Bg3 Ng7 26. Qf3 Qb7 27. Qe2 Bf6 28. Bg2 Qc8 29. Be4 Qd8 30. Qc2 Ne8 31. Bc6 Rd2 32. Qe4 Ng7 33. b4 cxb4 34. axb4 Qd4 35. Qf3 Rd3 36. Qe2 Rxg3+ 37. Kh2 Rc3 38. Be4 Qxc4 39. Qd2 Qc7+ 40. Kg2 Qf4 41. Qd7 Qc7 42. Qb5 Rb3 43. Qe2 Rc3 44. Bb1 h6 45. Be4 Qc4 46. Qf3 Qd4 47. Qe2 Qe5 48. Qd2 Qd4 49. Qa2 Qc4 50. Qxa7 Ne8 51. Qa8 Kf8 52. Bg6 Qc8 0-1


[Site "https://www.chess.com"]

[Event "Titled Tuesday Blitz January 10 Early 2023"]
[White "Pajeken, Jakob Leon"]
[Black "Kovacsy, Barnabas"]
[WhiteFideId "12942839"]
[BlackFideId "769290"]
[WhiteElo "2417"]
[BlackElo "2245"]
[Result "0-1"]
[Round "03"]
[TimeControl "180+2"]
[Date "2023.01.10"]
[WhiteClock "0:00:10"]
[BlackClock "0:00:47"]

1. d4 Nf6 2. Nf3 g6 3. g3 Bg7 4. Bg2 O-O 5. O-O d5 6. b3 c6 7. Bb2 a5 8. Nc3 Ne4 9. Nxe4 dxe4 10. Ne5 f5 11. f4 Nd7 12. e3 Nxe5 13. dxe5 Be6 14. Qd4 Qd5 15. c4 Qxd4 16. Bxd4 a4 17. Rfb1 b5 18. Bf1 axb3 19. axb3 bxc4 20. bxc4 Kf7 21. Rxa8 Rxa8 22. Rb6 Rc8 23. Bc5 Bf8 24. Kf2 h6 25. h4 h5 26. Be2 Bd7 27. Bd1 Be6 28. Bb3 Ke8 29. Rb7 Kd8 30. Ke2 Ra8 31. Kd2 Kc8 32. Ra7 Rxa7 33. Bxa7 Kb7 34. Bc5 Bf7 35. Kc3 Be6 36. Kb4 Bd7 37. Ka5 Be6 38. Ba3 Bf7 39. Ka4 Bg8 40. Bc5 Bf7 41. Kb4 Bg8 42. Kc3 Bf7 43. Kd4 Bg8 44. Bc2 Bf7 45. Ba4 Bg8 46. Ba3 Bf7 47. Bb2 Be8 48. e6 Bg7+ 49. Kc5 Bxb2 50. Kb4 Bc1 51. Kc3 Bxe3 52. Kb4 Bf2 53. Ka5 Bxg3 54. Kb4 Bxf4 55. Kc5 Bd6+ 56. Kd4 c5+ 57. Kd5 e3 58. Bd1 Bc6# 0-1


[Site "https://www.chess.com"]

[Event "Titled Tuesday Blitz January 10 Early 2023"]
[White "Aaditya Dhingra"]
[Black "Bychkov, Vladimir"]
[WhiteFideId "25678191"]
[BlackFideId "24151513"]
[WhiteElo "2027"]
[BlackElo "2225"]
[Result "1-0"]
[Round "03"]
[TimeControl "180+2"]
[Date "2023.01.10"]
[WhiteClock "0:00:32"]
[BlackClock "0:00:59"]

1. e4 c6 2. d3 d5 3. Nd2 g6 4. Ngf3 Bg7 5. g3 e5 6. Bg2 Ne7 7. O-O O-O 8. Re1 d4 9. a4 a5 10. Nc4 Qc7 11. h4 b5 12. axb5 cxb5 13. Na3 Ba6 14. b3 h5 15. Bd2 Nd7 16. Rf1 Rfc8 17. Ra2 a4 18. bxa4 bxa4 19. Bh3 Rcb8 20. Ng5 Nf8 21. f4 Bc8 22. Bxc8 Qxc8 23. fxe5 Bxe5 24. Nxf7 Qh3 25. Qf3 Qxg3+ 26. Qxg3 Bxg3 27. Nh6+ Kh8 28. Bg5 Ng8 29. Rf7 Nxh6 30. Bf6+ Kg8 31. Rg7+ Kh8 32. Rxg6+ Kh7 33. Rg7+ Kh8 34. Rxg3+ Kh7 35. Rg7+ Kh8 36. c4 Ng4 37. Rxg4+ Kh7 38. Rg7+ Kh6 39. Rag2 Rb3 40. Rg8 Rxa3 41. Bg7+ Kh7 42. Rh8# 1-0


[Site "https://www.chess.com"]

[Event "Titled Tuesday Blitz January 10 Early 2023"]
[White "Mohammed, Dilshad"]
[Black "Arngrimsson, Dagur"]
[WhiteFideId "5050421"]
[BlackFideId "2301288"]
[WhiteElo "2103"]
[BlackElo "2370"]
[Result "0-1"]
[Round "03"]
[TimeControl "180+2"]
[Date "2023.01.10"]
[WhiteClock "0:00:17"]
[BlackClock "0:01:04"]

1. Nf3 Nf6 2. d4 d5 3. c4 c6 4. e3 Bf5 5. cxd5 cxd5 6. Qb3 Qc7 7. Nc3 e6 8. Bd2 a6 9. Rc1 Nc6 10. Ne5 Bd6 11. Nxc6 bxc6 12. Qa4 O-O 13. h3 Qb6 14. b3 c5 15. dxc5 Bxc5 16. Be2 Rfd8 17. Qh4 d4 18. Na4 dxe3 19. fxe3 Qd6 20. Rd1 Ne4 21. Nxc5 Qxc5 22. b4 Qc2 23. O-O Rxd2 24. Rxd2 Qxd2 25. Bf3 Qxe3+ 26. Kh2 Nd2 27. Bxa8 Nxf1+ 28. Kh1 Ng3+ 29. Kh2 Nf1+ 30. Kh1 g5 31. Qc4 Ng3+ 32. Kh2 Ne2 33. Bf3 Qg1# 0-1


[Site "https://www.chess.com"]

[Event "Titled Tuesday Blitz January 10 Early 2023"]
[White "Doluhanova, Evgeniya"]
[Black "Czernek, Tymon"]
[WhiteFideId "14112035"]
[BlackFideId "1199510"]
[WhiteElo "2275"]
[BlackElo "2314"]
[Result "0-1"]
[Round "03"]
[TimeControl "180+2"]
[Date "2023.01.10"]
[WhiteClock "0:00:16"]
[BlackClock "0:00:26"]

1. Nf3 d5 2. g3 Nf6 3. Bg2 e6 4. O-O Be7 5. b3 O-O 6. Bb2 c5 7. c4 Nc6 8. cxd5 exd5 9. d4 c4 10. bxc4 dxc4 11. Ne5 Qb6 12. Nxc6 bxc6 13. Qc1 Nd5 14. Ba3 Bxa3 15. Nxa3 Qxd4 16. Nxc4 Ba6 17. Na5 Nc3 18. Nxc6 Nxe2+ 19. Kh1 Qb6 20. Qe3 Rae8 21. Ne7+ Kh8 22. Qxb6 axb6 23. Nd5 Rb8 24. Rfb1 Bd3 25. Rb2 b5 26. Re1 Rfe8 27. Rd1 Bc4 28. Ne3 Nc3 29. Ra1 Bd3 30. h4 b4 31. a3 b3 32. Rc1 Na4 33. Rd2 b2 0-1


[Site "https://www.chess.com"]

[Event "Titled Tuesday Blitz January 10 Early 2023"]
[White "Fernandez Siles, Luis"]
[Black "Mendez Fortes, Eduardo Jesus"]
[WhiteFideId "2209420"]
[BlackFideId "3502376"]
[WhiteElo "2218"]
[BlackElo "2250"]
[Result "0-1"]
[Round "03"]
[TimeControl "180+2"]
[Date "2023.01.10"]
[WhiteClock "0:00:04"]
[BlackClock "0:00:08"]

1. d4 f6 2. e4 e6 3. Nc3 g6 4. f4 Bg7 5. Nf3 d5 6. exd5 exd5 7. Bd3 Ne7 8. O-O O-O 9. Ne2 c6 10. Ng3 f5 11. Ne5 Nd7 12. c3 Nf6 13. b3 Ne4 14. Qc2 Re8 15. Ba3 Be6 16. Bxe7 Qxe7 17. Rae1 Rac8 18. Bxe4 dxe4 19. c4 Red8 20. Ne2 b5 21. Rc1 a5 22. Qd2 Qa7 23. Kh1 b4 24. Rfd1 Rd6 25. Qe3 a4 26. h4 Qe7 27. g3 Rdd8 28. Kg2 Qa7 29. Rh1 h6 30. Rcd1 Kh7 31. Kf2 axb3 32. axb3 Qb6 33. h5 g5 34. fxg5 Bxe5 35. dxe5 Qc7 36. g6+ Kg7 37. Qc5 Rxd1 38. Rxd1 Rd8 39. Nf4 Bg8 40. Rxd8 Qxd8 41. Qxb4 Qd4+ 42. Kg2 Qxe5 43. Qb7+ Kf6 44. Qxc6+ Kg5 45. g7 Qe8 46. Qg6+ Qxg6 47. Nxg6 Kf6 48. Nh4 Be6 49. Kf2 Kxg7 50. Ke3 Kf6 51. Kd4 Bf7 52. b4 Bxh5 53. b5 Be8 54. b6 Bc6 55. c5 Kg5 56. Ng2 h5 57. Ne3 f4 58. gxf4+ Kxf4 59. Nc2 h4 60. Nb4 Ba8 61. Nd5+ Kf3 62. Nb4 h3 63. c6 Bxc6 64. Nxc6 h2 65. Ne5+ Ke2 66. Ng4 h1=Q 67. b7 Qd1+ 68. Ke5 Qd8 69. Nf6 Qe7+ 70. Kf5 Qxb7 71. Nxe4 Ke3 72. Nf6 Qf7 73. Ke5 Qe7+ 74. Kf5 Kf3 75. Nd5 Qe4+ 76. Kf6 Qxd5 0-1


[Site "https://www.chess.com"]

[Event "Titled Tuesday Blitz January 10 Early 2023"]
[White "Shtompel, Yuriy"]
[Black "Karttunen, Mika"]
[WhiteFideId "14168278"]
[BlackFideId "502081"]
[WhiteElo "1938"]
[BlackElo "2490"]
[Result "1-0"]
[Round "03"]
[TimeControl "180+2"]
[Date "2023.01.10"]
[WhiteClock "0:00:14"]
[BlackClock "0:00:13"]

1. e4 e5 2. Nf3 Nc6 3. Bc4 Bc5 4. d3 Nf6 5. h3 h6 6. O-O a6 7. c3 Ba7 8. Re1 d6 9. Bb3 Qe7 10. Nbd2 g5 11. Nh2 h5 12. Ndf1 g4 13. h4 g3 14. Nxg3 Ng4 15. Nxg4 Bxg4 16. Nf5 Bxf5 17. exf5 Qxh4 18. Qf3 Rg8 19. Be3 Qg4 20. Qd5 Qxf5 21. Bxa7 Rxa7 22. d4 Kf8 23. Re3 Rg7 24. Rae1 Ra8 25. Rf3 Qg5 26. Rg3 Qf6 27. Ree3 h4 28. Rxg7 Qxg7 29. Rf3 Nd8 30. dxe5 dxe5 31. Qc5+ Kg8 32. Qxc7 Qg5 33. Bxf7+ Kh8 34. Bb3 Nc6 35. Qf7 Rd8 36. Rf5 1-0


[Site "https://www.chess.com"]

[Event "Titled Tuesday Blitz January 10 Early 2023"]
[White "Liang, Justin"]
[Black "Ovezdurdyyeva, Jemal"]
[WhiteFideId "2099942"]
[BlackFideId "14001888"]
[WhiteElo "2052"]
[BlackElo "2078"]
[Result "1-0"]
[Round "03"]
[TimeControl "180+2"]
[Date "2023.01.10"]
[WhiteClock "0:00:10"]
[BlackClock "0:00:03"]

1. d4 d5 2. c4 g6 3. g3 Bg7 4. Bg2 c6 5. Nf3 Nf6 6. O-O O-O 7. Nbd2 Bg4 8. Ne5 Be6 9. b3 Nbd7 10. Nd3 dxc4 11. Nxc4 Nb6 12. Nxb6 axb6 13. Bb2 Bd5 14. Bh3 Qd6 15. f3 Be6 16. Bg2 Bh6 17. e4 Be3+ 18. Kh1 Bxd4 19. e5 Qd7 20. exf6 Bxf6 21. Bxf6 exf6 22. Nf4 Qxd1 23. Rfxd1 Bf5 24. g4 Be6 25. Nxe6 fxe6 26. Rd7 Rf7 27. Rxf7 Kxf7 28. Kg1 e5 29. Kf2 Ke6 30. Ke3 f5 31. h3 f4+ 32. Kd3 Kd5 33. Kc3 Ke6 34. Bf1 b5 35. Bd3 Kf6 36. a4 bxa4 37. Rxa4 Rd8 38. Ra7 Rd7 39. Ba6 Kg5 40. Rxb7 Rd1 41. Rxh7 Rc1+ 42. Kd2 Rb1 43. Kc2 Rh1 44. Bb7 Rh2+ 45. Kc3 e4 46. Bxc6 e3 47. Bb5 Rf2 48. Bc6 Kf6 49. Rd7 e2 50. Kd2 Rh2 51. Rd4 g5 52. Re4 e1=Q+ 53. Kxe1 Rxh3 54. Ke2 Rh2+ 55. Kd3 Rb2 56. Rb4 Ke5 57. Be4 Rb1 58. Rb5+ Kf6 59. Kc3 1-0


[Site "https://www.chess.com"]

[Event "Titled Tuesday Blitz January 10 Early 2023"]
[White "Cruz Ravina, Francisco Javier"]
[Black "Marn, Jan"]
[WhiteFideId "2228939"]
[BlackFideId "14619245"]
[WhiteElo "2411"]
[BlackElo "2345"]
[Result "0-1"]
[Round "03"]
[TimeControl "180+2"]
[Date "2023.01.10"]
[WhiteClock "0:00:09"]
[BlackClock "0:00:14"]

1. e4 e5 2. Nf3 Nc6 3. Bc4 d6 4. d4 Nf6 5. dxe5 Nxe4 6. Bxf7+ Kxf7 7. Qd5+ Be6 8. Qxe4 dxe5 9. Ng5+ Ke7 10. Nxe6 Kxe6 11. Nd2 Qd4 12. c3 Qxe4+ 13. Nxe4 Be7 14. f3 Rad8 15. Be3 Na5 16. b3 Ba3 17. Ke2 Bb2 18. Rab1 Ba3 19. Rbd1 b6 20. Rxd8 Rxd8 21. Ng5+ Kf5 22. Nxh7 Bb2 23. g4+ Kg6 24. Ng5 Bxc3 25. Rc1 Bd4 26. Ne6 Rd6 27. Nxc7 Bxe3 28. Kxe3 Nc6 29. Nb5 Rf6 30. Rd1 a6 31. Nc3 Nd4 32. Rf1 Rc6 33. Ne4 Rc2 34. Rf2 Rc1 35. f4 Re1+ 36. Kd3 Nc6 37. f5+ Kf7 38. h4 Nb4+ 0-1


[Site "https://www.chess.com"]

[Event "Titled Tuesday Blitz January 10 Early 2023"]
[White "Hirneise, Jens"]
[Black "Matveeva, Olga"]
[WhiteFideId "24614734"]
[BlackFideId "24107018"]
[WhiteElo "2277"]
[BlackElo "2128"]
[Result "1-0"]
[Round "03"]
[TimeControl "180+2"]
[Date "2023.01.10"]
[WhiteClock "0:01:30"]
[BlackClock "0:00:19"]

1. Nf3 d5 2. g3 Nf6 3. Bg2 e6 4. d3 c5 5. O-O Nc6 6. Nbd2 Be7 7. e4 O-O 8. a4 b6 9. Re1 Bb7 10. e5 Nd7 11. Nf1 a6 12. h4 b5 13. h5 h6 14. N1h2 Re8 15. Ng4 Bf8 16. Bf4 d4 17. Qd2 Ne7 18. Bxh6 gxh6 19. Nxh6+ Bxh6 20. Qxh6 Nf5 21. Qf4 Qe7 22. g4 Bxf3 23. Bxf3 Nh4 24. Bxa8 Rxa8 25. axb5 Kh7 26. Qe4+ f5 27. exf6+ 1-0


[Site "https://www.chess.com"]

[Event "Titled Tuesday Blitz January 10 Early 2023"]
[White "Di Nicolantonio, Lucas"]
[Black "Golizadeh, Asghar"]
[WhiteFideId "680460"]
[BlackFideId "12505269"]
[WhiteElo "2376"]
[BlackElo "2455"]
[Result "0-1"]
[Round "03"]
[TimeControl "180+2"]
[Date "2023.01.10"]
[WhiteClock "0:00:08"]
[BlackClock "0:00:09"]

1. d4 Nf6 2. c4 e6 3. Nf3 Bb4+ 4. Nbd2 b6 5. g3 Bb7 6. Bg2 Bxd2+ 7. Bxd2 h6 8. O-O O-O 9. d5 exd5 10. Nd4 Nc6 11. Nf5 dxc4 12. Bc3 Na5 13. e4 d6 14. Nxg7 Kxg7 15. Qg4+ Kh8 16. Qf5 Kg7 17. Qg4+ Kh7 18. Qf5+ Kg7 19. g4 Bc8 20. Qf4 Kg6 21. e5 dxe5 22. Qxe5 Re8 23. Be4+ Kg7 24. Qf4 Bb7 25. Bxb7 Nxb7 26. Rad1 Nd6 27. h4 Re4 28. Qf3 h5 29. g5 Rg4+ 30. Qxg4 hxg4 31. Bxf6+ Qxf6 32. gxf6+ Kxf6 33. Rd4 Kf5 34. f3 gxf3 35. Rxf3+ Ke5 36. Rg4 f5 37. Rg7 c5 38. h5 Rh8 39. Rh3 Kf6 40. Rg6+ Ke5 41. h6 Ne8 42. h7 Nf6 43. Re3+ Kf4 44. Rh3 Rxh7 45. Rxh7 Nxh7 46. Rg7 Ng5 47. Rxa7 Nf3+ 48. Kf2 Ne5 49. Rb7 Nd3+ 50. Ke2 Nxb2 51. Rxb6 Na4 52. Rc6 Ke4 53. Ra6 Nc3+ 54. Kd2 Nd5 55. Rc6 Kd4 56. a4 c3+ 57. Kc1 Nb4 58. Rd6+ Kc4 59. a5 Kb3 60. Rb6 f4 61. a6 f3 62. a7 f2 63. Rf6 Na2+ 64. Kd1 c2+ 65. Ke2 c1=Q 66. Rf3+ Nc3+ 67. Rxc3+ Qxc3 68. a8=Q Qe1+ 69. Kd3 f1=Q# 0-1


[Site "https://www.chess.com"]

[Event "Titled Tuesday Blitz January 10 Early 2023"]
[White "Fiorito, Francisco"]
[Black "Levitan, Caleb Levi"]
[WhiteFideId "180165"]
[BlackFideId "14332620"]
[WhiteElo "2305"]
[BlackElo "2129"]
[Result "1-0"]
[Round "03"]
[TimeControl "180+2"]
[Date "2023.01.10"]
[WhiteClock "0:01:16"]
[BlackClock "0:00:05"]

1. e4 c5 2. Nf3 e6 3. Nc3 Nc6 4. d4 g6 5. d5 Nb8 6. Bc4 Bg7 7. O-O Ne7 8. Nb5 O-O 9. d6 Nec6 10. Nc7 b5 11. Bxb5 Bb7 12. Bg5 f6 13. Be3 a6 14. Bc4 Na5 15. Qe2 Nbc6 16. Nxa8 Qxa8 17. Bxc5 Nxc4 18. Qxc4 Ne5 19. Nxe5 fxe5 20. f3 Rc8 21. b4 Bc6 22. a4 Bf8 23. Qd3 a5 24. b5 Bxe4 25. Qxe4 Qxe4 26. fxe4 Rxc5 27. Rac1 Bxd6 28. Rfd1 Be7 29. Rxd7 Kf8 30. b6 Rc8 31. b7 Rb8 32. Rcd1 Ke8 33. Rc7 Bd8 34. Rxh7 Be7 35. Rh8+ Bf8 36. Rf1 Rxb7 37. Rfxf8+ Ke7 38. Rh7+ Kd6 39. Rxb7 g5 40. Rb6+ Kc5 41. Rb5+ Kd6 42. Ra8 g4 43. Ra6+ Kc7 44. Rxe5 g3 45. Raxe6 gxh2+ 46. Kh1 Kd7 47. Rh6 Kd8 48. Rxa5 Kc7 49. Ra7+ Kb8 50. Rg7 Ka8 51. Rh8# 1-0


[Site "https://www.chess.com"]

[Event "Titled Tuesday Blitz January 10 Early 2023"]
[White "Gutkin, Ilya"]
[Black "Bilan, Danila"]
[WhiteFideId "16203470"]
[BlackFideId "24161918"]
[WhiteElo "2273"]
[BlackElo "2303"]
[Result "1-0"]
[Round "03"]
[TimeControl "180+2"]
[Date "2023.01.10"]
[WhiteClock "0:00:12"]
[BlackClock "0:00:04"]

1. Nf3 d5 2. g3 Nf6 3. Bg2 c5 4. O-O Nc6 5. d4 Bf5 6. c4 e6 7. cxd5 Nxd5 8. Nc3 Nxc3 9. bxc3 Be4 10. Qa4 cxd4 11. cxd4 Qd5 12. Rd1 Bd6 13. Ba3 Rd8 14. Bxd6 Rxd6 15. Rac1 b6 16. Ne1 O-O 17. f3 Bg6 18. e4 Qa5 19. Qxa5 Nxa5 20. Kf2 Rfd8 21. Ke3 f6 22. Rc7 R6d7 23. Rxd7 Rxd7 24. Rc1 Kf8 25. Nd3 Nb7 26. Bh3 Ke7 27. Nf4 Bf7 28. Rc6 Nd8 29. Rc8 g5 30. Nd3 Nb7 31. Nb4 Na5 32. d5 b5 33. Nc6+ Nxc6 34. dxc6 Rd1 35. Rc7+ Ke8 36. Rxa7 Rc1 37. c7 Bg6 38. Bxe6 Ke7 39. c8=Q+ 1-0


[Site "https://www.chess.com"]

[Event "Titled Tuesday Blitz January 10 Early 2023"]
[White "Foerster-Yialamas, Lucas"]
[Black "Fayzullaev, Akmal"]
[WhiteFideId "30901774"]
[BlackFideId "14200554"]
[WhiteElo "2151"]
[BlackElo "2391"]
[Result "1-0"]
[Round "03"]
[TimeControl "180+2"]
[Date "2023.01.10"]
[WhiteClock "0:00:40"]
[BlackClock "0:00:01"]

1. e4 e5 2. Nf3 Nc6 3. c3 Nf6 4. d4 Nxe4 5. d5 Ne7 6. Nxe5 Nd6 7. c4 b6 8. b4 g6 9. Bb2 Bg7 10. Bd3 O-O 11. O-O a5 12. a3 axb4 13. axb4 Rxa1 14. Bxa1 Re8 15. Re1 c5 16. bxc5 bxc5 17. Nd2 Nef5 18. f4 Nd4 19. Bxd4 cxd4 20. c5 Nb7 21. Nb3 Qc7 22. d6 Qb8 23. Qc2 Qa7 24. Qc4 Bxe5 25. fxe5 Na5 26. Nxa5 Qxa5 27. Rf1 Rf8 28. Qxd4 Qd2 29. Kh1 Ba6 30. e6 dxe6 31. Rf3 Qd1+ 32. Qg1 Qa4 33. Bxa6 Qxa6 34. h3 Qc6 35. Qd4 Rc8 36. Qf6 Qxc5 37. Qxf7+ 1-0


[Site "https://www.chess.com"]

[Event "Titled Tuesday Blitz January 10 Early 2023"]
[White "Badelka, Olga"]
[Black "Marcziter, Dmitrii"]
[WhiteFideId "13509926"]
[BlackFideId "13900765"]
[WhiteElo "2406"]
[BlackElo "2234"]
[Result "0-1"]
[Round "03"]
[TimeControl "180+2"]
[Date "2023.01.10"]
[WhiteClock "0:00:03"]
[BlackClock "0:00:15"]

1. Nf3 Nf6 2. b3 c5 3. Bb2 Nc6 4. e3 d5 5. Bb5 Bd7 6. O-O a6 7. Bxc6 Bxc6 8. Ne5 Rc8 9. c4 dxc4 10. Nxc6 Rxc6 11. bxc4 e6 12. Nc3 Be7 13. Qb3 Rb6 14. Qc2 O-O 15. Rab1 Rd6 16. Rfd1 Qc8 17. Ne4 Nxe4 18. Qxe4 f6 19. Bc3 b6 20. Rb3 Bd8 21. h4 Bc7 22. h5 h6 23. g3 Qe8 24. Qg4 Qf7 25. d4 Rfd8 26. Re1 cxd4 27. exd4 Rc6 28. Qe2 Rc8 29. Bd2 Bd8 30. d5 exd5 31. cxd5 Rd6 32. Qxa6 Qd7 33. Rd3 Rc5 34. Bf4 Rdxd5 35. Rde3 Rd1 36. Qe2 Rxe1+ 37. Qxe1 Rd5 38. Re8+ Kh7 39. Kh2 Rxh5+ 40. Kg1 Rd5 41. Qe4+ f5 42. Qe2 Rd1+ 43. Kg2 Qd5+ 44. f3 Qd4 45. Be3 Qd7 46. Qc2 Qxe8 47. Qxd1 Qxe3 48. Qxd8 Qe2+ 49. Kg1 Qxf3 50. Qc7 b5 51. Kh2 Qf2+ 52. Kh3 Qxa2 53. Qe5 Qb1 54. Qc5 b4 0-1


[Site "https://www.chess.com"]

[Event "Titled Tuesday Blitz January 10 Early 2023"]
[White "Lacasa Diaz, Jose Antonio"]
[Black "Colas, Joshua"]
[WhiteFideId "2203375"]
[BlackFideId "2044447"]
[WhiteElo "2359"]
[BlackElo "2342"]
[Result "0-1"]
[Round "03"]
[TimeControl "180+2"]
[Date "2023.01.10"]
[WhiteClock "0:00:25"]
[BlackClock "0:00:18"]

1. e4 c5 2. Nf3 Nf6 3. e5 Nd5 4. Nc3 Nxc3 5. dxc3 Nc6 6. Bf4 e6 7. Qd2 Qc7 8. O-O-O a6 9. h4 b5 10. Bd3 Bb7 11. Rhe1 h6 12. Be4 Be7 13. Kb1 O-O-O 14. h5 Na5 15. Bxb7+ Nxb7 16. Qe2 d5 17. exd6 Bxd6 18. Bxd6 Nxd6 19. Ne5 f6 20. Ng6 Rhe8 21. f4 Nc4 22. b3 Nb6 23. Kb2 c4 24. Rxd8+ Kxd8 25. Rd1+ Kc8 26. Qf3 Rd8 27. Rxd8+ Kxd8 28. Qe4 cxb3 29. cxb3 Nd5 30. Qd4 Qb6 31. Qxb6+ Nxb6 32. g4 Nd5 33. Kc2 Ne3+ 34. Kd3 Nxg4 35. Nf8 Ke7 36. Ng6+ Kd6 37. Ke4 Nf2+ 38. Ke3 Nd1+ 39. Kd2 Nf2 40. Ke3 Ng4+ 41. Kf3 f5 42. Ke2 e5 43. fxe5+ Nxe5 44. Nf8 Ke7 45. Nh7 Kf7 46. Ke3 Kg8 47. Kf4 Nd3+ 48. Kxf5 Kxh7 49. c4 bxc4 50. bxc4 g6+ 51. Ke4 Kg7 52. hxg6 Nb4 53. c5 Kxg6 54. Kd4 h5 55. Kc4 Nc6 56. Kd5 Nb8 57. Kd6 h4 58. Kc7 h3 59. Kxb8 h2 60. c6 h1=Q 61. c7 Qb1+ 62. Kc8 Qxa2 63. Kd8 Qd5+ 64. Ke8 Qc6+ 65. Kd8 a5 66. c8=Q Qxc8+ 67. Kxc8 a4 68. Kd7 a3 69. Ke6 a2 0-1


[Site "https://www.chess.com"]

[Event "Titled Tuesday Blitz January 10 Early 2023"]
[White "Samaganova, Aleksandra"]
[Black "Flores Quillas, Diego Saul Rodri"]
[WhiteFideId "13800221"]
[BlackFideId "3822508"]
[WhiteElo "1856"]
[BlackElo "2359"]
[Result "1-0"]
[Round "03"]
[TimeControl "180+2"]
[Date "2023.01.10"]
[WhiteClock "0:01:00"]
[BlackClock "0:01:42"]

1. c4 c5 2. Nf3 Nc6 3. e3 Nf6 4. Nc3 g6 5. d4 cxd4 6. exd4 d5 7. cxd5 Nxd5 8. Be2 Bg7 9. O-O O-O 10. h3 Nxc3 11. bxc3 b6 12. Bf4 Bb7 13. Qd2 Rc8 14. Bh6 Na5 15. Bxg7 Kxg7 16. Ne5 f6 17. Ng4 Qd6 18. Qh6+ Kg8 19. Qe3 Bd5 20. Rfe1 Rc7 21. Bf3 Nc4 22. Bxd5+ Qxd5 23. Qg3 Qd6 24. Nh6+ Kh8 25. Qf3 Rfc8 26. Nf7+ Kg7 27. Nxd6 Nxd6 28. Rac1 Kf7 29. Qd5+ Kg7 30. Re6 Rd8 31. Rce1 Nf7 32. Qb3 Rdd7 33. Qa3 Kf8 34. Rxf6 1-0


[Site "https://www.chess.com"]

[Event "Titled Tuesday Blitz January 10 Early 2023"]
[White "Srebrnic, Marko"]
[Black "Guo, Josh"]
[WhiteFideId "14603616"]
[BlackFideId "2682427"]
[WhiteElo "2366"]
[BlackElo "2112"]
[Result "1-0"]
[Round "03"]
[TimeControl "180+2"]
[Date "2023.01.10"]
[WhiteClock "0:02:09"]
[BlackClock "0:00:03"]

1. e4 c5 2. Nf3 d6 3. d4 cxd4 4. Nxd4 Nf6 5. Nc3 a6 6. Bc4 e6 7. O-O Be7 8. f4 Qc7 9. Bb3 O-O 10. f5 e5 11. Nde2 Nbd7 12. Bg5 b5 13. Ng3 Bb7 14. Bxf6 Nxf6 15. Nh5 b4 16. Nxf6+ Bxf6 17. Nd5 Qc5+ 18. Kh1 Bxd5 19. Qxd5 Qxd5 20. Bxd5 Rac8 21. Bb3 Bg5 22. Rf3 Rc7 23. Rd1 Rd8 24. Rfd3 Rc6 25. Kg1 Kf8 26. Kf2 Ke7 27. g3 h5 28. h4 Bh6 29. Rd5 g6 30. fxg6 fxg6 31. Ke2 Rc5 32. Rxc5 dxc5 33. Rxd8 Kxd8 34. Bf7 g5 35. hxg5 Bxg5 36. Bxh5 Ke7 37. Kd3 Kd6 38. Kc4 Kc6 39. Be8+ Kd6 40. Bf7 Bc1 41. b3 Be3 42. Bd5 Kc7 43. g4 Kb6 44. Ba8 Bg5 45. Kd5 Bf4 46. Bc6 a5 47. Be8 1-0


[Site "https://www.chess.com"]

[Event "Titled Tuesday Blitz January 10 Early 2023"]
[White "Turzo, Attila"]
[Black "De Souza, Cristiano Gomes"]
[WhiteFideId "704954"]
[BlackFideId "2151758"]
[WhiteElo "2279"]
[BlackElo "2018"]
[Result "1-0"]
[Round "03"]
[TimeControl "180+2"]
[Date "2023.01.10"]
[WhiteClock "0:00:12"]
[BlackClock "0:00:20"]

1. d4 Nf6 2. Bf4 d6 3. Nc3 c6 4. e4 b5 5. Bd3 b4 6. Nce2 a5 7. Nf3 g6 8. Qd2 h5 9. O-O Bg7 10. Rad1 O-O 11. Bh6 Ba6 12. Bxg7 Kxg7 13. Qg5 Nh7 14. Qe3 e6 15. c4 Nd7 16. e5 Qc7 17. Nf4 dxe5 18. dxe5 Nc5 19. Be2 Qe7 20. Rd6 Na4 21. b3 Nc3 22. a4 Rfd8 23. Rxc6 Bb7 24. Rb6 Nxe2+ 25. Qxe2 Bxf3 26. Qxf3 Qc5 27. Rb7 Qxe5 28. Nxh5+ Kh6 29. Qxf7 Ng5 30. Qg7+ Qxg7 31. Nxg7 Rd3 32. h4 Ne4 33. Nxe6 Rxb3 34. Ng5 Nxg5 35. hxg5+ Kxg5 36. Rc1 Rd8 37. c5 Rd2 38. c6 Rc3 39. Rxc3 bxc3 40. c7 c2 41. c8=Q Rd1+ 42. Kh2 c1=Q 43. Rb5+ Kh6 44. Qh8# 1-0


[Site "https://www.chess.com"]

[Event "Titled Tuesday Blitz January 10 Early 2023"]
[White "Lakshmi C"]
[Black "Tikhonov, Viacheslav"]
[WhiteFideId "25035347"]
[BlackFideId "44196407"]
[WhiteElo "1928"]
[BlackElo "2220"]
[Result "0-1"]
[Round "03"]
[TimeControl "180+2"]
[Date "2023.01.10"]
[WhiteClock "0:00:04"]
[BlackClock "0:00:18"]

1. e3 c5 2. f4 Nc6 3. Nf3 g6 4. c4 Bg7 5. Nc3 Nf6 6. Be2 d5 7. cxd5 Nxd5 8. O-O O-O 9. a3 e5 10. fxe5 Nxe5 11. d4 cxd4 12. Nxd4 Nxc3 13. bxc3 Qc7 14. a4 Bd7 15. Ba3 Rfe8 16. Qb3 Bg4 17. Bb5 Red8 18. a5 Rac8 19. Bb4 a6 20. Ba4 Nc4 21. h3 Bd7 22. Bxd7 Qxd7 23. Nc2 Nd2 24. Qa2 Nxf1 25. Rxf1 Qd5 26. Qa3 Qd3 27. Nd4 Qxe3+ 28. Kh1 Bxd4 29. cxd4 Qxa3 30. Bxa3 Rxd4 31. Rb1 Rd7 32. Rb6 Rc2 33. Kh2 h5 34. Bd6 Rc6 35. Bf4 Rxb6 36. axb6 Rd5 37. Bc7 Rb5 38. g4 a5 39. Kg3 hxg4 40. hxg4 a4 41. Kf3 a3 42. Ke4 a2 43. Be5 Rxe5+ 44. Kxe5 a1=Q+ 0-1


[Site "https://www.chess.com"]